cohdb
Replays
Latest Replays
All Replays
Popular Replays
Top Player Replays
Match Explorer
How It Works
Community
CoH3 Stats
Reddit
Sign in to upload your games and track your stats! →
Sign in with Steam
Match 37941473
Unlisted
Match 37941473
Overview
Messages
Build Orders
End
Vickers Machine Gun Team
Construct Section Command Post
Dingo Light Scout Car
Infantry Section
Infantry Section
Grenade Package
Construct Platoon Command Post
Humber Armored Car
6-pounder Anti-tank Gun Team
Construct Field Infirmary
Construct Company Command Post
Selects Australian Defense Battlegroup
Selects CMP 15cwt Supply Run
Selects Reinforced Resource Caches
Crusader II Medium Tank
Crusader II Medium Tank
CMP 15cwt Truck
Selects Australian Light Infantry Section
Selects Defensive Tactics
Selects Vehicle Over Repair
Crusader II Medium Tank
Foot Guards Section
6-pounder Anti-tank Gun Team
Selects Vehicle Over Repair
Crusader II Medium Tank
拜者为叩
Fabius Maximus
孤冰月
只出曲线
<Alpha>saltingfish
binari
..................
CPU - VERY EASY
0
0
Comments
sign in to comment!
No comments posted yet!